 Dungeon Crawl Stone Soup version 0.24.0-13-gcf9b319 (webtiles) character file.

Game seed: 3344726346077072765, levelgen mode: deterministic

301 Fang the Skirmisher (level 6, 0/58 HPs)
             Began as a Gargoyle Berserker on Nov 14, 2019.
             Was a Believer of Trog.
             Slain by an orc warrior
             ... wielding a +0 halberd
              (6 damage)
             ... on level 4 of the Dungeon.
             The game lasted 00:03:52 (3355 turns).

Fang the Skirmisher (Gargoyle Berserker)            Turns: 3355, Time: 00:03:53

Health: 0/58       AC: 13    Str: 27    XL:     6   Next: 37%
Magic:  6/6        EV: 10    Int:  8    God:    Trog [**....]
Gold:   187        SH:  0    Dex: 14    Spells: 5/5 levels left

rFire    . . .     SeeInvis .   a - +0 hand axe
rCold    + . .     Gourm    .   (no shield)
rNeg     + . .     Faith    .   b - +0 chain mail
rPois    ∞         Spirit   .   (no helmet)
rElec    +         Reflect  .   t - scarf {repulsion}
rCorr    .         Harm     .   (no gloves)
MR       .....                  (no boots)
Stlth    ..........             (no amulet)
HPRegen  0.19/turn              h - +5 ring of dexterity
MPRegen  0.10/turn              j - ring of protection from cold

@: berserking, repel missiles, very quick
A: negative energy resistance 1, electricity resistance, unbreathing,
petrification resistance, rot immunity, AC +4
a: Berserk, Trog's Hand, Renounce Religion


You were on level 4 of the Dungeon.
You worshipped Trog.
Trog was pleased with you.
You were very hungry.

You visited 1 branch of the dungeon, and saw 4 of its levels.

You collected 187 gold pieces.

Inventory:

Hand Weapons
 a - a +0 hand axe (weapon)
Armour
 b - a +0 chain mail (worn)
 t - a scarf of repulsion (worn)
Jewellery
 h - a +5 ring of dexterity (left hand)
 j - a ring of protection from cold (right hand)
Wands
 s - a wand of flame (6)
Scrolls
 e - a scroll of enchant weapon {unknown}
 g - a scroll of magic mapping {unknown}
 i - 3 scrolls of remove curse {unknown}
 m - 2 scrolls of immolation {unknown}
 o - a scroll of teleportation {unknown}
 p - 3 scrolls of identify {unknown}
 q - a scroll of fear {unknown}
Potions
 d - 3 potions of curing {unknown}
 f - a potion of heal wounds {unknown}
 l - a potion of lignification {unknown}
 n - a potion of agility {unknown}
 r - a potion of resistance {unknown}
Comestibles
 c - 10 rations
 k - 4 chunks of flesh


   Skills:
 + Level 4.7 Fighting
 + Level 3.9 Axes
 + Level 4.0 Armour
 + Level 3.0 Dodging


You had 5 spell levels left.
You didn't know any spells.
Your spell library was empty.

Dungeon Overview and Level Annotations

Branches:
Dungeon (4/15)
 Temple: D:4-7

Altars:
Ashenzari
Hepliaklqana
Kikubaaqudgha
Qazlal
Sif Muna
Trog
Uskayaw
The Shining One


Innate Abilities, Weirdness & Mutations

You are resistant to torment.
Your stone body is resilient. (AC +4)
You are immune to poison.
You resist negative energy. (rN+)
You are resistant to electric shocks. (rElec)
You can survive without breathing.
You are immune to petrification.
You are immune to rotting.


Message History

The jackal closely misses you. The orc barely misses you.
The orc warrior hits you from afar with a +0 halberd!
* * * LOW HITPOINT WARNING * * *
The jackal barely misses you.
You slash the centaur skeleton!
The centaur skeleton is severely damaged.
You hit the jackal.
You kill the jackal!
Trog accepts your kill.
Your chain mail prevents you from hitting the orc.
Your chain mail prevents you from hitting the jackal.
The centaur skeleton closely misses you.
The orc barely misses you. The jackal closely misses you.
You hit the centaur skeleton.
The centaur skeleton is almost destroyed.
You hit the orc. You completely miss the jackal.
You are feeling very hungry.
The centaur skeleton hits you but does no damage.
The orc warrior hits you from afar with a +0 halberd.
You die...

########## #..##
##..# ##.# #.# ######
#.#### .#.....##
#....######
........#####........
......†).####........
.....oZ@†............
......ho†####........
.........# ######...
.........# ..
........## .
.#....... #..#####
..#


You could see an orc warrior, an orc, a jackal and a centaur skeleton.

Vanquished Creatures
  A scorpion (D:4)
  A howler monkey (D:4)
  Ijyb (D:4)
  2 worker ants
  4 adders
  2 oozes (D:1)
  3 worms
  2 dart slugs (D:4)
  2 leopard geckos
  6 orcs
  A ball python (D:3)
  4 giant cockroaches (D:2)
  5 goblins
  7 hobgoblins
  16 jackals
  2 quokkas
  5 bats
  2 frilled lizards
  5 kobolds
  7 rats
78 creatures vanquished.

Notes
Turn   | Place    | Note
-------+----------+-------------------------------------------
     0 | D:1      | Fang the Gargoyle Berserker began the quest for the Orb.
     0 | D:1      | Reached XP level 1. HP: 14/14 MP: 1/1
    31 | D:1      | Reached XP level 2. HP: 15/19 MP: 2/2
   352 | D:1      | Reached XP level 3. HP: 19/23 MP: 3/3
  1447 | D:2      | Reached XP level 4. HP: 29/29 MP: 4/4
  1836 | D:2      | Reached ** piety under Trog
  2347 | D:3      | Found a shimmering blue altar of Sif Muna.
  2350 | D:3      | Found a glowing golden altar of the Shining One.
  2356 | D:3      | Found a hide-covered altar of Uskayaw.
  2364 | D:3      | Found a shattered altar of Ashenzari.
  2364 | D:3      | Found an ancient bone altar of Kikubaaqudgha.
  2485 | D:3      | Reached XP level 5. HP: 32/33 MP: 5/5
  2614 | D:3      | Found a hazy altar of Hepliaklqana.
  2614 | D:3      | Found a bloodstained altar of Trog.
  2628 | D:3      | Found a stormy altar of Qazlal.
  3171 | D:4      | Reached XP level 6. HP: 37/39 MP: 6/6
  3180 | D:4      | Noticed Ijyb
  3196 | D:4      | Killed Ijyb
  3342 | D:4      | Noticed an orc warrior
  3355 | D:4      | Slain by an orc warrior

Levels and vault maps discovered:
D:1:      lemuel_arrival_river_ford, layout_loops_ring
D:2:      layout_basic
D:3:      layout_loops_corners, grunt_qazlal_sundering,
          grunt_temple_overflow_open, chequers_temple_overflow_statue_of_worship
D:4:      layout_rooms, serial_shops, shop_scrolls, first_ration, uniq_ijyb

Skill      XL: |  1  2  3  4  5  6 |
---------------+-------------------+-----
Axes           | 3 |  3.9
Dodging        | 2 3 |  3.0
Armour         | 3 4 |  4.0
Fighting       | 4 |  4.7

Action                   |  1- 3 |  4- 6 || total
-------------------------+-------+-------++-------
Melee: Hand axe          |    99 |   184 ||   283
Invok: Berserk           |     1 |     1 ||     2
 Stab: Sleeping          |       |     4 ||     4
  Eat: Chunk             |     3 |     6 ||     9
Armor: Animal skin       |    47 |    40 ||    87
       Chain mail        |       |    62 ||    62
Dodge: Dodged            |    73 |   140 ||   213
